 Dungeon Crawl Stone Soup version 0.17.1-1-g73c8601 (webtiles) character file.

58768 Glider the Slicer (level 14, -12/108 HPs)
             Began as a Demonspawn Necromancer on Dec 29, 2015.
             Was the Champion of Makhleb.
             Mangled by a hill giant
             ... wielding a +0 giant spiked club
              (40 damage)
             ... on level 3 of the Orcish Mines.
             The game lasted 02:14:06 (21122 turns).

Glider the Slicer (Demonspawn Necromancer)         Turns: 21122, Time: 02:14:09

Health: -12/108    AC:  9    Str: 10    XL:     14   Next: 50%
Magic:  15/21      EV: 21    Int: 21    God:    Makhleb [******]
Gold:   2089       SH:  5    Dex: 15    Spells: 4 memorised, 8 levels left

rFire  + . .     SeeInvis .     H - +5 rapier (speed)
rCold  + . .     Clarity  .     U - +0 steam dragon armour
rNeg   . . .     SustAt   .     g - +0 buckler
rPois  .         Gourm    .     (helmet restricted)
rElec  +         Spirit   .     c - +0 cloak
rCorr  .         Warding  .     F - +0 pair of gloves of Inaction {rElec rC+ MR- Str+2}
rMut   .         Stasis   .     (no boots)
MR     .....                    B - amulet of rage
Stlth  +++.......               V - ring of fire
                                L - +3 ring of evasion

@: not resistant to hostile enchantments, fairly stealthy
A: horns 1, rugged brown scales 2, cold resistance 1, demonic guardian 1, spiny
3
a: Minor Destruction, Lesser Servant of Makhleb, Major Destruction, Greater
Servant of Makhleb, Renounce Religion, Evoke Berserk Rage


You were on level 3 of the Orcish Mines.
You worshipped Makhleb.
Makhleb was exalted by your worship.
You were hungry.

You visited 4 branches of the dungeon, and saw 24 of its levels.
You also visited: Volcano.

You collected 2089 gold pieces.

Inventory:

Hand Weapons
 H - a +5 rapier of speed (weapon)
Armour
 c - a +0 cloak (worn)
 g - a +0 buckler (worn)
 o - a +1 chain mail of fire resistance
 F - the +0 pair of gloves of Inaction (worn) {rElec rC+ MR- Str+2}
   (You found it on level 6 of the Dungeon)

   It affects your strength (+2).
   It protects you from cold.
   It insulates you from electricity.
   It affects your resistance to hostile enchantments.
 U - a +0 steam dragon armour (worn)
Jewellery
 m - a +1 ring of evasion
 y - an uncursed ring of poison resistance
 B - an amulet of rage (around neck)
 L - a +3 ring of evasion (left hand)
 M - an uncursed ring of see invisible
 V - a ring of fire (right hand)
Wands
 j - a wand of fireball (6)
 O - a wand of confusion (48)
Scrolls
 a - a scroll of recharging
 d - a scroll of enchant armour
 f - 12 scrolls of remove curse
 q - 11 scrolls of teleportation
 A - a scroll of enchant weapon
 G - a scroll of immolation
 R - a scroll of fog
 T - a scroll of blinking
Potions
 e - 2 potions of degeneration {unknown}
 h - a potion of berserk rage {unknown}
 i - 3 potions of haste
 k - a potion of cancellation
 l - 2 potions of cure mutation
 n - a potion of agility
 s - a potion of lignification
 t - 5 potions of heal wounds
 u - a potion of magic
 w - 2 potions of might
 x - 2 potions of ambrosia
 z - 4 potions of curing
 C - a potion of invisibility
 E - 4 potions of resistance
 J - 3 potions of flight
 W - 2 potions of brilliance
Miscellaneous
 N - an ornate deck of changes {drawn: 2}
Comestibles
 b - 5 chunks of flesh
 D - 25 fruits


   Skills:
 - Level 7.0 Fighting
 - Level 14.0 Short Blades
 * Level 9.6 Dodging
 - Level 6.0 Stealth
 - Level 5.0 Shields
 - Level 4.0 Spellcasting
 * Level 7.1 Charms
 * Level 10.8 Necromancy
 - Level 10.0 Invocations


You had 8 spell levels left.
You knew the following spells:

 Your Spells              Type           Power        Failure   Level  Hunger
a - Pain                  Necr           ####         1%          1    None
b - Vampiric Draining     Necr           #####.....   1%          3    ###....
c - Regeneration          Chrm/Necr      #####.....   1%          3    ###....
d - Haste                 Chrm           ####....     89%         6    #######


Dungeon Overview and Level Annotations

Branches:
Dungeon (12/15)            Temple (1/1) D:6            Lair (8/8) D:8
  Swamp (0/4) Lair:4        Snake (0/4) Lair:4          Orc (3/4) D:11
    Elf (0/3) Orc:3
  Slime: Lair:6-8

Altars:
Ashenzari
Cheibriados
Dithmenos
Elyvilon
Fedhas
Gozag
Kikubaaqudgha
Makhleb
Nemelex Xobeh
Okawaru
Qazlal
Ru
Sif Muna
Trog
Vehumet
Xom
Yredelemnul
Zin
The Shining One
Beogh

Shops:
D:5 :

Annotations:
Lair:8 1 runed door, exclusion: oklob plant


Innate Abilities, Weirdness & Mutations

You have a pair of small horns on your head.
You are mostly covered in rugged brown scales (AC +2, +5% HP).
Your flesh is cold resistant.
A weak demonic guardian rushes to your aid.
You are completely covered in sharp spines.


Message History

You feel life coursing into your body.
The hill giant hits you with a giant spiked club!!
The hill giant misses you.
The hill giant is struck by your spines.
The hill giant hits you with a giant club!!
* * * LOW HITPOINT WARNING * * *
There is an open gate, spattered with blood here.
Your iron imp hits the hill giant.
Casting: Vampiric Draining
Confirm with . or Enter, or press ? or * to list all spells.
Aiming: Vampiric Draining
Press: ? - help, Shift-Dir - straight line, f/p - hill giant
Aim: a hill giant, wielding a giant spiked club (almost dead)
You kill the hill giant!
Makhleb accepts your kill.
You feel life coursing into your body.
You are feeling hungry.
The hill giant is struck by your spines.
The hill giant hits you with a giant spiked club!!!
You die...

.....###..............##
... .....#
####..#........# .....
....##
####........######.....
....
........†..............
....
........................
...
..............(.........
..
...........)..).........
.........C..............
........@)..............
......###C5'###........
......#.......#........
......#..C....#........
##.## #.......#########
## #.......# +.......+
####+####


You could see 2 hill giants and a friendly iron imp.

Vanquished Creatures
  Kirke (Lair:7)
  A fire dragon (Lair:8)
  5 hydras
  A centaur warrior (D:11)
  Erica (D:11)
  A death yak (Lair:5)
  2 unseen horrors (D:11)
  3 hill giants
  Pikel (D:4)
  2 lindwurms (Lair:8)
  An orc knight (D:11)
  An ugly thing (D:11)
  19 elephants
  2 cyclopes
  Maurice (Orc:1)
  2 molten gargoyles (Volcano)
  13 black mambas
  An eye of devastation (Lair:8)
  8 spiny frogs
  4 torpor snails (Lair:8)
  5 komodo dragons
  4 fire drakes
  3 trolls
  A polar bear (Lair:8)
  Grinder (D:3)
  Prince Ribbit (D:7)
  2 giant leeches (Lair:8)
  A boulder beetle (Lair:8)
  4 blink frogs (Lair:2)
  Sigmund (D:3)
  A hog (Lair:7)
  4 basilisks
  Eustachio (D:6)
  A fire bat (Volcano)
  2 wyverns
  37 yaks
  4 steam dragons
  2 mottled dragons
  9 hippogriffs
  Edmund (D:4)
  6 swamp worms (Lair:4)
  9 wolves (Lair:1)
  17 porcupines
  17 water moccasins
  A hell hound (Volcano)
  A swamp drake (Lair:8)
  2 black bears
  4 wargs
  4 ice beasts
  3 sky beasts
  An eye of draining (D:7)
  6 orc warriors
  3 wasps
  3 centaurs
  6 ogres
  3 phantoms
  A slave (D:4)
  18 crocodiles
  2 big kobolds
  3 brain worms (Lair:8)
  14 giant frogs
  A water moccasin zombie (D:6)
  A scorpion (D:10)
  3 wights (D:9)
  14 killer bees
  4 electric eels
  The ghost of Clownie the Changer, a weakling OpTm (D:3)
  5 crimson imps
  3 hounds
  A giant frog zombie (D:6)
  23 orc priests
  2 lava snakes (Volcano)
  2 centaur skeletons
  3 jellies
  7 iguanas
  Ijyb (D:2)
  2 giant frog skeletons
  15 orc wizards
  Jessica (D:2)
  9 worker ants
  A killer bee zombie (D:9)
  22 sheep
  A hound skeleton (D:8)
  Robin (D:2)
  9 adders
  21 river rats
  3 worker ant zombies
  3 gnolls (D:7)
  A shadow imp (D:6)
  An adder skeleton (D:8)
  22 worms
  5 giant geckos
  113 orcs
  5 giant cockroaches
  14 goblins
  13 hobgoblins
  13 jackals
  11 kobolds
  6 ball pythons
  10 bats
  7 giant newts
  3 quokkas
  9 rats
  A fungus (Lair:1)
672 creatures vanquished.

Vanquished Creatures (collateral kills)
  A hydra (Lair:4)
  A lindwurm (Volcano)
  An elephant (Lair:5)
  A torpor snail (Lair:8)
  A blink frog (Lair:8)
  A hog (Lair:7)
  2 hippogriffs
  2 wolves
  A wasp (Lair:8)
  An orc warrior (D:8)
  An ogre (D:6)
  A brain worm (Lair:8)
  A crimson imp (D:8)
  An orc priest (D:8)
  2 river rats (Lair:3)
  A worm (Lair:8)
  5 orcs
  A kobold (D:11)
25 creatures vanquished.

Vanquished Creatures (others)
  A butterfly (Lair:7)
  3 fungi
  6 plants (Lair:8)
10 creatures vanquished.

Grand Total: 707 creatures vanquished

Notes
Turn   | Place    | Note
--------------------------------------------------------------
     0 | D:1      | Glider the Demonspawn Necromancer began the quest for the Orb.
     0 | D:1      | Reached XP level 1. HP: 13/13 MP: 3/3
   232 | D:1      | Reached skill level 1 in Short Blades
   245 | D:1      | Gained mutation: You are partially covered in sharp spines. [demonic ancestry]
   245 | D:1      | Reached XP level 2. HP: 16/19 MP: 3/5
  1003 | D:2      | Noticed Robin
  1010 | D:2      | Reached XP level 3. HP: 15/24 MP: 6/6
  1013 | D:2      | Killed Robin
  1207 | D:2      | Gained mutation: You are partially covered in rugged brown scales (AC +1, +3% HP). [demonic ancestry]
  1207 | D:2      | Reached XP level 4. HP: 21/30 MP: 3/7
  1311 | D:2      | Learned a level 3 spell: Vampiric Draining
  1315 | D:2      | Learned a level 3 spell: Regeneration
  1403 | D:2      | Noticed Jessica
  1427 | D:2      | Killed Jessica
  1542 | D:2      | Noticed Ijyb
  1551 | D:2      | Killed Ijyb
  1551 | D:2      | Gained mutation: You are mostly covered in sharp spines. [demonic ancestry]
  1551 | D:2      | Reached XP level 5. HP: 27/36 MP: 3/8
  1839 | D:3      | Noticed Sigmund
  1849 | D:3      | Killed Sigmund
  1849 | D:3      | Reached skill level 5 in Short Blades
  1849 | D:3      | Gained mutation: You have a pair of small horns on your head. [demonic ancestry]
  1849 | D:3      | Reached XP level 6. HP: 10/42 MP: 5/9
  2076 | D:3      | Noticed Clownie's ghost (weakling OpTm)
  2087 | D:3      | Killed Clownie's ghost
  2145 | D:3      | Noticed Grinder
  2150 | D:3      | Killed Grinder
  2150 | D:3      | Reached skill level 6 in Necromancy
  2150 | D:3      | Reached XP level 7. HP: 47/47 MP: 10/10
  2547 | D:4      | Noticed Edmund
  2554 | D:4      | Killed Edmund
  2554 | D:4      | Reached skill level 1 in Charms
  2631 | D:4      | Found a deep blue altar of Sif Muna.
  2948 | D:4      | Noticed Pikel
  2954 | D:4      | Killed Pikel
  2954 | D:4      | Gained mutation: A weak demonic guardian rushes to your aid. [demonic ancestry]
  2954 | D:4      | Reached XP level 8. HP: 43/53 MP: 11/11
  3189 | D:5      | Entered Level 5 of the Dungeon
  3201 | D:5      | Reached skill level 7 in Short Blades
  3583 | D:5      | Found a shadowy altar of Dithmenos.
  3583 | D:5      | Found a sacrificial altar of Ru.
  3855 | D:5      | Found Olaneil's Book Shoppe.
  3888 | D:6      | Found a glowing golden altar of the Shining One.
  4108 | D:6      | Found a staircase to the Ecumenical Temple.
  4113 | Temple   | Entered the Ecumenical Temple
  4191 | Temple   | Became a worshipper of Makhleb the Destroyer
  4226 | D:6      | Gained mutation: You are completely covered in sharp spines. [demonic ancestry]
  4226 | D:6      | Reached XP level 9. HP: 53/58 MP: 12/12
  4229 | D:6      | Reached skill level 8 in Short Blades
  4459 | D:6      | Got a pair of faintly humming gloves
  4470 | D:6      | Identified the +0 pair of gloves of Inaction {rElec rC+ MR- Str+2} (You found it on level 6 of the Dungeon)
  4581 | D:6      | Noticed Eustachio
  4597 | D:6      | Killed Eustachio
  5097 | D:7      | Noticed Prince Ribbit
  5107 | D:7      | Killed Prince Ribbit
  5107 | D:7      | Reached skill level 9 in Short Blades
  5128 | D:7      | Reached skill level 5 in Shields
  5133 | D:7      | Reached * piety under Makhleb
  5273 | D:7      | Found a stormy altar of Qazlal.
  5449 | D:7      | Found a shattered altar of Ashenzari.
  5954 | D:8      | Reached skill level 10 in Short Blades
  6064 | D:8      | Found a staircase to the Lair.
  6194 | D:8      | Reached ** piety under Makhleb
  6245 | D:8      | Reached XP level 10. HP: 34/64 MP: 1/13
  6870 | D:9      | Reached skill level 11 in Short Blades
  6908 | D:9      | Reached *** piety under Makhleb
  7305 | D:9      | Found a white marble altar of Elyvilon.
  7342 | D:10     | Entered Level 10 of the Dungeon
  7581 | D:10     | Reached **** piety under Makhleb
  7757 | D:10     | Reached skill level 12 in Short Blades
  8021 | D:11     | Noticed a centaur warrior
  8031 | D:11     | Killed a centaur warrior
  8265 | D:11     | Noticed a cyan ugly thing
  8284 | D:11     | Killed a brown ugly thing
  8284 | D:11     | Reached skill level 13 in Short Blades
  8362 | D:11     | Noticed an unseen horror
  8371 | D:11     | Killed an unseen horror
  8371 | D:11     | Gained mutation: Your flesh is cold resistant. [demonic ancestry]
  8371 | D:11     | Reached XP level 11. HP: 65/70 MP: 14/14
  8384 | D:11     | Noticed a cyclops
  8408 | D:11     | Killed a cyclops
  8441 | D:11     | Noticed an unseen horror
  8475 | D:11     | Killed an unseen horror
  8508 | D:11     | Noticed Erica
  8533 | D:11     | Killed Erica
  8654 | D:11     | Noticed a hill giant
  8685 | D:11     | Killed a hill giant
  8685 | D:11     | Reached skill level 14 in Short Blades
  8764 | D:11     | Reached skill level 1 in Invocations
  8860 | D:11     | Noticed an orc knight
  8864 | D:11     | Found a roughly hewn altar of Beogh.
  8888 | D:11     | Killed an orc knight
  8919 | D:11     | Reached ***** piety under Makhleb
  8980 | D:11     | Found a staircase to the Orcish Mines.
  9072 | D:11     | Reached skill level 5 in Invocations
  9546 | Lair:1   | Entered Level 1 of the Lair of Beasts
  9560 | Lair:1   | Reached skill level 1 in Fighting
 10060 | Lair:1   | Reached XP level 12. HP: 81/83 MP: 16/18
 10061 | Lair:1   | Reached ****** piety under Makhleb
 10414 | Lair:2   | Noticed a seven-headed hydra
 10583 | Lair:1   | Reached skill level 5 in Dodging
 10965 | Lair:2   | Killed a seven-headed hydra
 11289 | Lair:2   | Reached skill level 5 in Fighting
 11802 | Lair:3   | Identified a scroll of acquirement
 11915 | Lair:3   | Noticed a six-headed hydra
 11937 | Lair:3   | Killed a six-headed hydra
 12079 | Lair:3   | Reached skill level 10 in Invocations
 12945 | Lair:4   | Noticed an eight-headed hydra
 12971 | Lair:4   | Killed an eight-headed hydra
 12971 | Lair:4   | Reached skill level 5 in Stealth
 13324 | Lair:4   | Found a staircase to the Swamp.
 13420 | Lair:4   | Found a staircase to the Snake Pit.
 13465 | Lair:4   | Reached skill level 5 in Charms
 13465 | Lair:4   | Gained mutation: You are mostly covered in rugged brown scales (AC +2, +5% HP). [demonic ancestry]
 13465 | Lair:4   | Reached XP level 13. HP: 88/95 MP: 17/20
 13919 | Lair:4   | Drew Focus: Int increased to 21, Str decreased to 8
 15250 | Lair:1   | Learned a level 6 spell: Haste
 16555 | Lair:7   | Noticed Kirke
 16576 | Lair:7   | Killed Kirke
 16771 | Lair:7   | Found a deep blue altar of Sif Muna.
 17323 | Lair:8   | Entered Level 8 of the Lair of Beasts
 17475 | Lair:8   | Reached XP level 14. HP: 75/106 MP: 10/21
 17480 | Lair:8   | Reached skill level 10 in Necromancy
 17634 | Lair:8   | Found a runed door.
 18491 | Lair:8   | Noticed an acid blob
 19108 | Orc:1    | Entered Level 1 of the Orcish Mines
 19276 | Orc:1    | Noticed Maurice
 19309 | Orc:1    | Killed Maurice
 19864 | Orc:2    | Found a dark tunnel.
 19871 | Volcano  | Entered a volcano
 19983 | Volcano  | Found a burning altar of Makhleb.
 20919 | Orc:3    | Found a staircase to the Elven Halls.
 21122 | Orc:3    | Mangled by a hill giant

Action                   |  1- 3 |  4- 6 |  7- 9 | 10-12 | 13-15 || total
-------------------------+-------+-------+-------+-------+-------++-------
Melee: Dagger            |    34 |    53 |   149 |       |       ||   236
       Rapier            |       |       |   147 |   960 |  1059 ||  2166
 Cast: Pain              |     6 |    11 |       |     6 |     1 ||    24
       Vampiric Draining |       |     1 |     3 |    18 |    39 ||    61
       Regeneration      |       |       |       |    18 |    20 ||    38
Invok: Major Destruction |       |       |       |       |    19 ||    19
       Lesser Servant of |       |       |       |       |     8 ||     8
Evoke: Wand              |       |       |       |     1 |       ||     1
       Deck              |       |       |       |       |     2 ||     2
  Use: Scroll            |       |     4 |     6 |    17 |    11 ||    38
       Potion            |       |       |       |     1 |       ||     1
 Stab: Sleeping          |     5 |     4 |     7 |    16 |    22 ||    54
       Distracted        |       |       |       |     5 |     8 ||    13
  Eat: Chunk             |     1 |     3 |    13 |    28 |    27 ||    72
       Meat ration       |       |       |       |       |     1 ||     1
       Fruit             |       |       |       |       |     1 ||     1
